AoeStats
← DerTyp

Migration

509106612Analyzed
1v1 RM · 6d ago on Sep 25, 2026· 38m 43s· 2 players
Game mode
Random Map
Map size
132×132
Population
200
Speed
Normal
Resources
Standard
Victory
Conquest
Starting age
Dark Age
Ending age
Imperial Age
RankedLock teamsTeams togetherTeam positionsShared explorationLock speedFull tech treeHidden civsTurbo modeCheats
Victory
Defeat
🇩🇪 Dravidians · Germany
1140
+14
🇪🇸 Vikings · Spain
1102
-14
TurulloMix
9:15 Loom
18:18 Feudal Age
18:46 Double-Bit Axe
19:23 Fishing Lines
20:40 Man-at-Arms
22:50 Stone Mining
24:46 Gold Mining
24:37 Horse Collar
35:24 Castle Age
34:28 Fletching
36:19 Bodkin Arrow
36:27 Gillnets
39:59 Imperial Age
37:18 Town Watch
37:34 Heavy Plow
DerTyp
4:10 Loom
13:11 Feudal Age
15:01 Stone Mining
16:42 Fishing Lines
20:31 Castle Age
18:27 Fletching
19:37 Gold Mining
21:45 Wheelbarrow
20:57 Double-Bit Axe
20:44 Demolition Ship
21:35 Medium Warships
21:17 Gillnets
21:41 Bodkin Arrow
32:15 Imperial Age
31:50 Ballistics
33:00 Hand Cart
33:21 Bow Saw
33:52 Heavy Warships
34:02 Bracer
33:41 Heavy Demolition Ship
35:10 Scale Mail Armor
35:18 Husbandry
37:12 Chemistry
37:08 Forging
37:22 Conscription
38:31 Iron Casting
39:28 Scale Barding Armor
Connection lost

Rejoining the realm…

Still unreachable

The connection could not be restored.

Session expired

The server has moved on; the page needs a fresh start.